 Dungeon Crawl Stone Soup version 0.17-a0-1763-g847a857 (webtiles) character file.

122 Leibowitz the Skirmisher (level 5, -4/57 HPs)
             Began as an Ogre Berserker on Sept 5, 2015.
             Was a Priest of Trog.
             Slain by Sigmund
             ... wielding a +2 scythe of slicing
              (9 damage)
             ... on level 3 of the Dungeon.
             The game lasted 00:06:03 (1670 turns).

Leibowitz the Skirmisher (Ogre Berserker)           Turns: 1670, Time: 00:06:03

Health: -4/57      AC:  3    Str: 25    XL:     5   Next: 6%
Magic:  0/5        EV: 15    Int:  6    God:    Trog [***...]
Gold:   151        SH:  0    Dex:  9    Spells: 0 memorised, 4 levels left

rFire  . . .     SeeInvis .     a - +0 mace
rCold  . . .     Clarity  .     b - +0 animal skin
rNeg   . . .     SustAt   .     (no shield)
rPois  .         Gourm    .     (helmet restricted)
rElec  .         Spirit   +     (no cloak)
rCorr  .         Warding  .     (gloves unavailable)
rMut   .         Stasis   .     (boots unavailable)
MR     .....                    i - amulet of guardian spirit
Stlth  +.........               f - +2 ring of strength
                                e - +5 ring of evasion

@: not resistant to hostile enchantments, very unstealthy
A: unfitting armour, tough skin 1
a: Burn Spellbooks, Berserk, Trog's Hand, Renounce Religion


You were on level 3 of the Dungeon.
You worshipped Trog.
Trog was most pleased with you.
You were not hungry.

You visited 1 branch of the dungeon, and saw 3 of its levels.

You collected 151 gold pieces.

Inventory:

Hand weapons
 a - a +0 mace (weapon)
Missiles
 d - 7 needles of sleeping
 l - 2 throwing nets (quivered)
Armour
 b - a +0 animal skin (worn)
Jewellery
 e - a +5 ring of evasion (left hand)
 f - a +2 ring of strength (right hand)
 g - an uncursed ring of see invisible
 i - an amulet of guardian spirit (around neck)
Scrolls
 j - a scroll of enchant weapon
 k - a scroll of teleportation {unknown}
Potions
 m - a potion of mutation {unknown}
Comestibles
 c - 3 bread rations


   Skills:
 + Level 5.0 Fighting
 + Level 4.7 Maces & Flails
 + Level 4.1 Dodging
 + Level 0.3 Stealth


You had 4 spell levels left.
You didn't know any spells.

Dungeon Overview and Level Annotations

Branches:
Dungeon (3/15)

Altars:
Makhleb
Sif Muna

Annotations:
D:3 Sigmund, Terence


Innate Abilities, Weirdness & Mutations

You are too large for most types of armour.
You have tough skin (AC +1).


Message History

You hit the giant frog.
The giant frog is severely wounded.
The giant frog completely misses you. The giant frog barely misses you.
Terence shouts!
You hit the giant frog.
The giant frog is almost dead.
The giant frog hits you.
Sigmund hits you from afar with a scythe of slicing!
* * * LOW HITPOINT WARNING * * *
x2 Terence shouts, "ATTACK!!!"
The giant frog hits you.
* * * LOW HITPOINT WARNING * * *
You barely miss the giant frog.
The giant frog is almost dead.
The giant frog barely misses you. Sigmund barely misses you.
Terence screams, "I want your blood!" The giant frog hits you.
* * * LOW HITPOINT WARNING * * *
Sigmund hits you with a scythe of slicing!
You die...

## #.... ...#### ###
#.... ....... ..# #....#
....... #.# #.....
.......######.#####.....
#......@F..@........@>.@
##....@######.#####.....
#..... #..# #....@
#..... ##.## ###.#@
###### #..# # #. ##.##
#. #..# #... ##.# #.##
#.# #.#


You could see Sigmund, a giant frog and Terence.

Vanquished Creatures
  Natasha (D:3)
  3 adders (D:2)
  A worm (D:2)
  A giant gecko (D:1)
  6 orcs (D:3)
  6 bats
  2 giant cockroaches (D:2)
  4 goblins
  8 hobgoblins
  A quokka (D:2)
  3 giant newts
  9 jackals
  5 kobolds
  8 rats
58 creatures vanquished.

Notes
Turn   | Place    | Note
--------------------------------------------------------------
     0 | D:1      | Leibowitz the Ogre Berserker began the quest for the Orb.
     0 | D:1      | Reached XP level 1. HP: 24/24 MP: 1/1
   126 | D:1      | Reached XP level 2. HP: 26/32 MP: 2/2
   374 | D:1      | Acquired Trog's second power
   497 | D:2      | Reached XP level 3. HP: 33/40 MP: 3/3
   732 | D:2      | Found a deep blue altar of Sif Muna.
   732 | D:2      | Found a burning altar of Makhleb.
  1177 | D:2      | Reached XP level 4. HP: 41/49 MP: 4/4
  1481 | D:3      | Reached skill level 5 in Fighting
  1490 | D:3      | Noticed Terence
  1491 | D:3      | Noticed Sigmund
  1548 | D:3      | Noticed Natasha
  1554 | D:3      | Killed Natasha
  1570 | D:3      | Reached XP level 5. HP: 26/57 MP: 1/5
  1653 | D:3      | Noticed a giant frog
  1670 | D:3      | Slain by Sigmund

Vault maps used:
D:1:      evilmike_arrival_hilbert_curve
D:2:      grunt_temple_overflow_open, kennysheep_generic_room_10
D:3:      nemelex_altar_shiori, lightli_sewer_entry_pipes, uniq_natasha,
          uniq_jessica, uniq_crazy_yiuf_cottage, uniq_terence, uniq_sigmund

Action                   |  1- 3 |  4- 6 || total
-------------------------+-------+-------++-------
Melee: Mace              |   114 |    50 ||   164
  Use: Scroll            |     4 |       ||     4
       Potion            |     3 |       ||     3
 Stab: Sleeping          |     1 |       ||     1
  Eat: Chunk             |     1 |     2 ||     3
